Nordiques vs Oilers

Created - 6 avril 2018 at 08:14

Goals
1 2 3 T
Nordiques 1 1 2 4
Oilers 0 2 0 2
Shots
1 2 3 T
Nordiques 16 6 15 37
Oilers 9 9 8 26

1st period

1. Nordiques , Jamie Benn 38 (Ryan O'Reilly 44) at 10:10

Penalties :
No Penalty

2nd period

2. Oilers , Mikael Backlund 24 (Ryan Johansen 37, Corey Perry 28) at 7:53
3. Nordiques , Patrik Berglund 18 (Jaromir Jagr 15, Shayne Gostisbehere 31) at 9:41
4. Oilers , Jordan Eberle 22 (Aaron Ekblad 14, Corey Perry 29) at 15:14

Penalties :
Justin Abdelkader (EDM) for High sticking (Minor) at 4:43, Justin Abdelkader (EDM) for Hooking (Minor) at 9:46

3rd period

5. Nordiques , Jaromir Jagr 18 (Tom Gilbert 9, John-Michael Liles 13) at 3:55
6. Nordiques , Jamie Benn 39 (Morgan Rielly 23, Sebastian Aho 43) at 4:21

Penalties :
Aaron Ekblad (EDM) for Hooking (Minor) at 6:44, Evander Kane (QUE) for Roughing (Minor) at 13:34, Corey Perry (EDM) for Holding (Minor) at 16:38

Goalie Stats

Jonathan Bernier (QUE), 24 saves from 26 shots - (0,923), W, 11-3-0, 60:00 minutes
Thomas Greiss (EDM), 33 saves from 37 shots - (0,892), L, 33-24-7, 60:00 minutes

Players Stats for Nordiques

Player Name              G  A  P  +/- PIM S  H  SB GA TA FO     MP     PP MP  PK MP  
------------------------------------------------------------------------------------
Alexander Wennberg       0  0  0  -1  0   5  0  0  0  0  0/0    17:42   3:37   0:00 
Connor Brown             0  0  0   2  0   2  0  0  1  0  0/0    14:05   0:00   0:54 
Derek MacKenzie          0  0  0   0  0   0  1  0  0  0  0/0     8:32   0:00   0:00 
Evander Kane             0  0  0  -1  2   2  1  0  2  0  0/0    17:37   3:40   0:00 
Jakub Vrana              0  0  0   0  0   1  0  0  1  0  0/0     7:57   0:00   0:00 
Jamie Benn               2  0  2   1  0   4  2  0  2  0  0/0    20:26   4:15   1:05 
Jared Spurgeon           0  0  0   0  0   0  3  1  2  1  0/0    24:09   4:12   1:11 
Jaromir Jagr             1  1  2   2  0   3  2  0  0  0  0/0    13:04   0:06   0:00 
John-Michael Liles       0  1  1   0  0   1  1  0  1  0  0/0    14:15   0:00   0:00 
Kevin Klein              0  0  0   2  0   0  1  0  0  1  0/0    21:36   3:44   0:48 
Kyle Turris              0  0  0  -1  0   2  2  0  1  0  10/15  17:33   3:40   0:00 
Luke Glendening          0  0  0   0  0   2  1  0  0  1  0/2     7:49   0:00   0:00 
Morgan Rielly            0  1  1   0  0   3  2  0  0  4  0/0    24:09   4:12   1:11 
Patrik Berglund          1  0  1   2  0   4  1  0  0  0  3/6    13:32   0:00   0:54 
Ryan O'Reilly            0  1  1   1  0   3  1  0  0  2  13/24  20:26   4:16   1:05 
Sebastian Aho            0  1  1   1  0   3  1  0  1  0  0/2    19:17   4:14   0:00 
Shayne Gostisbehere      0  1  1   2  0   2  1  2  0  0  0/0    21:36   3:44   0:48 
Tom Gilbert              0  1  1   0  0   0  0  1  0  0  0/0    14:15   0:00   0:00 

Players Stats for Oilers

Player Name              G  A  P  +/- PIM S  H  SB GA TA FO     MP     PP MP  PK MP  
------------------------------------------------------------------------------------
Aaron Ekblad             0  1  1   0  2   3  1  0  0  0  0/0    17:04   0:57   2:49 
Cameron Gaunce           0  0  0   0  0   0  0  0  0  0  0/0     6:59   0:00   0:00 
Chris Kelly              0  0  0   0  0   0  0  0  0  0  0/0     2:50   0:22   0:00 
Chris Porter             0  0  0   0  0   4  2  0  0  0  0/1    12:45   0:22   0:00 
Corey Perry              0  2  2  -2  2   4  0  0  2  2  0/1    17:53   0:55   1:44 
Jordan Eberle            1  0  1   0  0   2  1  1  1  1  0/0    18:42   0:42   2:27 
Justin Abdelkader        0  0  0  -2  4   0  2  0  0  2  1/1    15:51   0:55   0:00 
Kyle Quincey             0  0  0   1  0   0  1  0  0  0  0/0    11:23   0:00   0:00 
Marc-Edouard Vlasic      0  0  0  -3  0   0  0  2  0  2  0/0    23:48   1:02   4:22 
Marco Scandella          0  0  0   0  0   0  1  2  0  1  0/0    17:50   0:57   3:34 
Mikael Backlund          1  0  1   0  0   3  0  0  1  0  3/8    19:55   0:42   3:41 
Nico Hischier            0  0  0   0  0   3  0  0  1  0  4/6    14:25   0:22   0:55 
Pierre-Alexandre Parente 0  0  0   0  0   0  3  0  1  0  0/0    16:26   0:42   0:00 
Ryan Johansen            0  1  1  -2  0   2  2  0  1  1  14/30  24:18   0:55   3:47 
Seth Jones               0  0  0  -3  0   1  0  2  1  0  0/0    23:48   1:02   4:22 
Sonny Milano             0  0  0   0  0   3  1  0  0  1  1/1    12:23   0:00   0:00 
Tyler Motte              0  0  0   0  0   0  1  0  0  0  0/0     8:10   0:00   1:32 
Vernon Fiddler           0  0  0   0  0   1  0  0  1  0  0/1     8:22   0:00   1:46 
Vince Dunn               0  0  0   0  0   0  0  0  0  0  0/0     7:10   0:00   0:10 
Zbynek Michalek          0  0  0   1  0   0  0  2  0  1  0/0    11:58   0:00   0:35 

3 Stars

1 - Jamie Benn (QUE)
2 - Jaromir Jagr (QUE)
3 - Patrik Berglund (QUE)

Power Play

Nordiques - 0 on 4 Attempt(s) - 0,00%
Oilers - 0 on 1 Attempt(s) - 0,00%

Penalty Kill

Nordiques - 1 on 1 Attempt(s) - 100,00% - Score 0 goal in Penalty Kill
Oilers - 4 on 4 Attempt(s) - 100,00% - Score 0 goal in Penalty Kill

Team Stat

Nordiques - Hits : 20 - Faceoff Wins : 26 - Blocked Shots : 4 - Penalty Minutes : 2
Oilers - Hits : 15 - Faceoff Wins : 23 - Blocked Shots : 9 - Penalty Minutes : 8

Official

Referees : Rob Martell and Chris Rooney
Linesman : Brian Mach and Derek Amell

Game Notes

No Game Note

Finance

Level 1 -- Attendance: 4767 (79,45%) -- Ticket Income 500 535 $
Level 2 -- Attendance: 3628 (72,56%) -- Ticket Income 235 820 $
Level 3 -- Attendance: 1703 (85,15%) -- Ticket Income 64 714 $
Level 4 -- Attendance: 3366 (84,15%) -- Ticket Income 77 418 $
Luxury Box -- Attendance: 821 (82,10%) -- Ticket Income 155 990 $
Game was played at the Edmonton Coliseum.
Total Attendance: 14285 (79,36%)
Total Ticket Income: 1 034 477 $
Other Income: 506 894 $
Total Income: 1 541 371 $

Nordiques

5 vs 5 Forward 
   Center                   Left Wing                Right Wing               Time % Phy DF OF 
 1 Ryan O'Reilly            Jamie Benn               Sebastian Aho            35     0   2  3  
 2 Kyle Turris              Evander Kane             Alexander Wennberg       30     0   2  3  
 3 Patrik Berglund          Jaromir Jagr             Connor Brown             25     0   2  3  
 4 Luke Glendening          Derek MacKenzie          Jakub Vrana              10     0   2  3  

5 vs 5 Defense 
   Defense                  Defense                                           Time % Phy DF OF 
 1 Jared Spurgeon           Morgan Rielly                                     38     1   3  1  
 2 Kevin Klein              Shayne Gostisbehere                               37     1   3  1  
 3 Tom Gilbert              John-Michael Liles                                25     1   3  1  
 4 Jared Spurgeon           Morgan Rielly                                     0      1   3  1  

PowerPlay Forward 
   Center                   Left Wing                Right Wing               Time % Phy DF OF 
 1 Ryan O'Reilly            Jamie Benn               Sebastian Aho            51     0   1  4  
 2 Kyle Turris              Evander Kane             Alexander Wennberg       49     0   1  4  

PowerPlay Defense
   Defense                  Defense                                           Time % Phy DF OF 
 1 Jared Spurgeon           Morgan Rielly                                     51     1   2  2  
 2 Kevin Klein              Shayne Gostisbehere                               49     1   2  2  

Penalty Kill 4 Players Forward 
   Center                   Wing                     Time % Phy DF OF 
 1 Ryan O'Reilly            Jamie Benn               50     1   2  2  
 2 Patrik Berglund          Connor Brown             50     1   3  1  

Penalty Kill 4 Players Defense
   Defense                  Defense                  Time % Phy DF OF 
 1 Jared Spurgeon           Morgan Rielly            50     1   3  1  
 2 Kevin Klein              Shayne Gostisbehere      50     1   3  1  

Penalty Kill - 3 Players Forward 
   Forward                                           Time % Phy DF OF 
 1 Ryan O'Reilly                                     50     0   3  2  
 2 Patrik Berglund                                   50     0   3  2  

Penalty Kill - 3 Players Defense
   Defense                  Defense                  Time % Phy DF OF 
 1 Jared Spurgeon           Morgan Rielly            50     1   3  1  
 2 Kevin Klein              Shayne Gostisbehere      50     1   3  1  

4 vs 4 Forward 
   Center                   Wing                     Time % Phy DF OF 
 1 Ryan O'Reilly            Jamie Benn               50     0   2  3  
 2 Kyle Turris              Alexander Wennberg       50     0   2  3  

4 vs 4 Defense
   Defense                  Defense                  Time % Phy DF OF 
 1 Jared Spurgeon           Morgan Rielly            50     1   2  2  
 2 Kevin Klein              Shayne Gostisbehere      50     1   2  2  

Last Minutes Offensive
   Center                   Left Wing                Right Wing               Defense                  Defense                  
   Ryan O'Reilly            Jamie Benn               Sebastian Aho            Jared Spurgeon           Morgan Rielly            

Last Minutes Defensive
   Center                   Left Wing                Right Wing               Defense                  Defense                  
   Ryan O'Reilly            Jamie Benn               Sebastian Aho            Jared Spurgeon           Morgan Rielly            

Goaltenders
Starting : Jonathan Bernier         
Backup : Roberto Luongo           

Extra Forwards
Normal : Ryan O'Reilly, Jamie Benn, Kyle Turris - PP : Jaromir Jagr, Patrik Berglund - PK : Ryan O'Reilly
Extra Defensemen
Normal : Tom Gilbert, John-Michael Liles, Shayne Gostisbehere - PP : Tom Gilbert - PK : Tom Gilbert, John-Michael Liles
Penalty Shots
Jamie Benn, Kyle Turris, Sebastian Aho, Patrik Berglund, Ryan O'Reilly
Custom OT Lines Forwards
Jamie Benn, Ryan O'Reilly, Kyle Turris, Alexander Wennberg, Sebastian Aho, Patrik Berglund, Evander Kane, Jaromir Jagr, Connor Brown, Jakub Vrana
Custom OT Lines Defensemen
Jared Spurgeon, Morgan Rielly, Shayne Gostisbehere, Kevin Klein, Tom Gilbert

Scratches
Andrei Markov (Broken Bone (Left Leg) Injury), Paul Carey (Healthy)

Oilers

5 vs 5 Forward 
   Center                   Left Wing                Right Wing               Time % Phy DF OF 
 1 Ryan Johansen            Justin Abdelkader        Corey Perry              40     1   2  2  
 2 Mikael Backlund          Pierre-Alexandre ParenteaJordan Eberle            30     1   2  2  
 3 Nico Hischier            Sonny Milano             Chris Porter             20     1   2  2  
 4 Vernon Fiddler           Tyler Motte              Ryan Johansen            10     1   2  2  

5 vs 5 Defense 
   Defense                  Defense                                           Time % Phy DF OF 
 1 Marc-Edouard Vlasic      Seth Jones                                        40     1   2  2  
 2 Aaron Ekblad             Marco Scandella                                   30     1   2  2  
 3 Kyle Quincey             Zbynek Michalek                                   20     1   2  2  
 4 Vince Dunn               Cameron Gaunce                                    10     1   2  2  

PowerPlay Forward 
   Center                   Left Wing                Right Wing               Time % Phy DF OF 
 1 Ryan Johansen            Justin Abdelkader        Corey Perry              60     1   2  2  
 2 Mikael Backlund          Pierre-Alexandre ParenteaJordan Eberle            40     1   2  2  

PowerPlay Defense
   Defense                  Defense                                           Time % Phy DF OF 
 1 Marc-Edouard Vlasic      Seth Jones                                        60     1   2  2  
 2 Aaron Ekblad             Marco Scandella                                   40     1   2  2  

Penalty Kill 4 Players Forward 
   Center                   Wing                     Time % Phy DF OF 
 1 Ryan Johansen            Mikael Backlund          60     1   2  2  
 2 Corey Perry              Jordan Eberle            40     1   2  2  

Penalty Kill 4 Players Defense
   Defense                  Defense                  Time % Phy DF OF 
 1 Marc-Edouard Vlasic      Seth Jones               60     1   2  2  
 2 Aaron Ekblad             Marco Scandella          40     1   2  2  

Penalty Kill - 3 Players Forward 
   Forward                                           Time % Phy DF OF 
 1 Ryan Johansen                                     60     1   2  2  
 2 Mikael Backlund                                   40     1   2  2  

Penalty Kill - 3 Players Defense
   Defense                  Defense                  Time % Phy DF OF 
 1 Marc-Edouard Vlasic      Seth Jones               60     1   2  2  
 2 Aaron Ekblad             Marco Scandella          40     1   2  2  

4 vs 4 Forward 
   Center                   Wing                     Time % Phy DF OF 
 1 Ryan Johansen            Mikael Backlund          60     1   2  2  
 2 Corey Perry              Jordan Eberle            40     1   2  2  

4 vs 4 Defense
   Defense                  Defense                  Time % Phy DF OF 
 1 Marc-Edouard Vlasic      Seth Jones               60     1   2  2  
 2 Aaron Ekblad             Marco Scandella          40     1   2  2  

Last Minutes Offensive
   Center                   Left Wing                Right Wing               Defense                  Defense                  
   Ryan Johansen            Justin Abdelkader        Corey Perry              Marc-Edouard Vlasic      Seth Jones               

Last Minutes Defensive
   Center                   Left Wing                Right Wing               Defense                  Defense                  
   Ryan Johansen            Justin Abdelkader        Corey Perry              Marc-Edouard Vlasic      Seth Jones               

Goaltenders
Starting : Thomas Greiss            
Backup : Antti Niemi              

Extra Forwards
Normal : Chris Kelly, Nico Hischier, Vernon Fiddler - PP : Chris Kelly, Nico Hischier - PK : Vernon Fiddler
Extra Defensemen
Normal : Kyle Quincey, Zbynek Michalek, Vince Dunn - PP : Kyle Quincey - PK : Zbynek Michalek, Vince Dunn
Penalty Shots
Ryan Johansen, Mikael Backlund, Corey Perry, Jordan Eberle, Justin Abdelkader
Custom OT Lines Forwards
Ryan Johansen, Mikael Backlund, Corey Perry, Jordan Eberle, Justin Abdelkader, Pierre-Alexandre Parenteau, Nico Hischier, Vernon Fiddler, Sonny Milano, Chris Kelly
Custom OT Lines Defensemen
Marc-Edouard Vlasic, Seth Jones, Aaron Ekblad, Marco Scandella, Kyle Quincey

Scratches
Connor McDavid (Healthy)

% Time on Ice - Nordiques

Lines # - Real PCT - Wanted PCT - Time Play
Normal Forward
1 - 32% - 35% - 15:48
2 - 28% - 30% - 14:02
3 - 25% - 25% - 12:26
4 - 16% - 10% - 7:49
Normal Defense
1 - 37% - 38% - 18:24
2 - 34% - 37% - 17:04
3 - 28% - 25% - 14:15
4 - 1% - 0% - 0:22
PP Forward
1 - 54% - 51% - 4:16
2 - 46% - 49% - 3:40
PP Defense
1 - 53% - 51% - 4:12
2 - 47% - 49% - 3:44
PK Forward
1 - 55% - 50% - 1:05
2 - 45% - 50% - 0:54
PK Defense
1 - 60% - 50% - 1:11
2 - 40% - 50% - 0:48
PK3 Forward
1 - 0% - 50%
2 - 0% - 50%
PK3 Defense
1 - 0% - 50%
2 - 0% - 50%
44 Forward
1 - 0% - 50%
2 - 0% - 50%
44 Defense
1 - 0% - 50%
2 - 0% - 50%
Last Minute Offensive  - 0:00
Last Minute Defensive  - 0:00
Total
Forward - 60:00
Defense - 60:00

% Time on Ice - Oilers

Lines # - Real PCT - Wanted PCT - Time Play
Normal Forward
1 - 30% - 40% - 15:12
2 - 33% - 30% - 16:46
3 - 25% - 20% - 12:23
4 - 11% - 10% - 5:44
Normal Defense
1 - 37% - 40% - 18:24
2 - 27% - 30% - 13:19
3 - 23% - 20% - 11:23
4 - 14% - 10% - 6:59
PP Forward
1 - 65% - 60% - 1:17
2 - 35% - 40% - 0:42
PP Defense
1 - 52% - 60% - 1:02
2 - 48% - 40% - 0:57
PK Forward
1 - 69% - 60% - 5:29
2 - 31% - 40% - 2:27
PK Defense
1 - 55% - 60% - 4:22
2 - 45% - 40% - 3:34
PK3 Forward
1 - 0% - 60%
2 - 0% - 40%
PK3 Defense
1 - 0% - 60%
2 - 0% - 40%
44 Forward
1 - 0% - 60%
2 - 0% - 40%
44 Defense
1 - 0% - 60%
2 - 0% - 40%
Last Minute Offensive  - 0:00
Last Minute Defensive  - 0:00
Total
Forward - 60:00
Defense - 60:00

Play by Play

1st period


0:01 of 1st period - Ryan O'Reilly wins face-off versus Ryan Johansen in neutral zone.
0:04 of 1st period - Slapshot by Sebastian Aho.
0:04 of 1st period - Stopped by Thomas Greiss with a rebound.
0:12 of 1st period - Morgan Rielly is hit by Ryan Johansen and loses puck.
0:25 of 1st period - Seth Jones is hit by Evander Kane and loses puck.
0:33 of 1st period - Off-side.
0:34 of 1st period - Nico Hischier wins face-off versus Patrik Berglund in neutral zone.
0:43 of 1st period - Snap shot by Nico Hischier.
0:43 of 1st period - Stopped by Jonathan Bernier without a rebound.
0:44 of 1st period - Patrik Berglund wins face-off versus Chris Porter in Nordiques zone.
0:57 of 1st period - Snap shot by Patrik Berglund.
0:57 of 1st period - Shot Blocked by Zbynek Michalek.
1:09 of 1st period - Wrist shot by Jaromir Jagr.
1:09 of 1st period - Stopped by Thomas Greiss without a rebound.
1:10 of 1st period - Ryan Johansen wins face-off versus Kyle Turris in Oilers zone.
1:37 of 1st period - Ryan O'Reilly is hit by Pierre-Alexandre Parenteau.
2:43 of 1st period - Snap shot by Jordan Eberle.
2:43 of 1st period - Stopped by Jonathan Bernier without a rebound.
2:44 of 1st period - Ryan O'Reilly wins face-off versus Mikael Backlund in Nordiques zone.
3:01 of 1st period - Backhand shot by Jamie Benn.
3:01 of 1st period - Shot Blocked by Marco Scandella.
3:11 of 1st period - Alexander Wennberg is hit by Justin Abdelkader and loses puck.
3:22 of 1st period - Snap shot by Corey Perry.
3:22 of 1st period - Stopped by Jonathan Bernier without a rebound.
3:23 of 1st period - Sonny Milano wins face-off versus Ryan O'Reilly in Nordiques zone.
3:33 of 1st period - Slapshot by Chris Porter.
3:33 of 1st period - Stopped by Jonathan Bernier with a rebound.
3:35 of 1st period - Slapshot by Marc-Edouard Vlasic.
3:35 of 1st period - Shot Blocked by Tom Gilbert.
3:37 of 1st period - Wrist shot by Chris Porter.
3:37 of 1st period - Stopped by Jonathan Bernier without a rebound.
3:38 of 1st period - Kyle Turris wins face-off versus Ryan Johansen in Nordiques zone.
4:05 of 1st period - Kevin Klein is hit by Kyle Quincey and loses puck.
4:28 of 1st period - Snap shot by Sonny Milano.
4:28 of 1st period - Stopped by Jonathan Bernier without a rebound.
4:29 of 1st period - Patrik Berglund wins face-off versus Nico Hischier in Nordiques zone.
4:29 of 1st period - Patrik Berglund is hit by Chris Porter.
4:43 of 1st period - Sonny Milano is hit by Jaromir Jagr and loses puck.
5:07 of 1st period - Seth Jones is hit by Morgan Rielly and loses puck.
5:18 of 1st period - Wrist shot by Sonny Milano.
5:18 of 1st period - Shot Misses the Net.
5:20 of 1st period - Slapshot by Marc-Edouard Vlasic.
5:20 of 1st period - Shot Misses the Net.
5:22 of 1st period - Wrist shot by Chris Porter.
5:22 of 1st period - Stopped by Jonathan Bernier with a rebound.
5:32 of 1st period - Wrist shot by Connor Brown.
5:32 of 1st period - Stopped by Thomas Greiss without a rebound.
5:33 of 1st period - Justin Abdelkader wins face-off versus Ryan O'Reilly in Oilers zone.
6:00 of 1st period - Kevin Klein is hit by Aaron Ekblad and loses puck.
6:11 of 1st period - Snap shot by Mikael Backlund.
6:11 of 1st period - Stopped by Jonathan Bernier with a rebound.
6:50 of 1st period - Snap shot by Sebastian Aho.
6:50 of 1st period - Shot Misses the Net.
6:52 of 1st period - Slapshot by Ryan O'Reilly.
6:52 of 1st period - Shot Misses the Net.
6:54 of 1st period - Slapshot by John-Michael Liles.
6:54 of 1st period - Shot Misses the Net.
7:51 of 1st period - Snap shot by Jamie Benn.
7:51 of 1st period - Shot Misses the Net.
7:53 of 1st period - Wrist shot by Jamie Benn.
7:53 of 1st period - Stopped by Thomas Greiss with a rebound.
8:24 of 1st period - Icing by Jakub Vrana.
8:25 of 1st period - Nico Hischier wins face-off versus Luke Glendening in Nordiques zone.
9:31 of 1st period - Chris Porter is hit by Patrik Berglund and loses puck.
9:57 of 1st period - Off-side.
9:58 of 1st period - Ryan O'Reilly wins face-off versus Mikael Backlund in neutral zone.
10:10 of 1st period - Snap shot by Jamie Benn.
10:10 of 1st period - Goal by Jamie Benn - Nordiques : 1 - Oilers : 0.
10:11 of 1st period - Kyle Turris wins face-off versus Ryan Johansen in neutral zone.
10:28 of 1st period - Snap shot by Kyle Turris.
10:28 of 1st period - Stopped by Thomas Greiss with a rebound.
11:20 of 1st period - Slapshot by Jaromir Jagr.
11:20 of 1st period - Shot Misses the Net.
11:22 of 1st period - Slapshot by Patrik Berglund.
11:22 of 1st period - Shot Misses the Net.
11:24 of 1st period - Slapshot by John-Michael Liles.
11:24 of 1st period - Shot Blocked by Zbynek Michalek.
11:26 of 1st period - Wrist shot by Patrik Berglund.
11:26 of 1st period - Stopped by Thomas Greiss with a rebound.
11:28 of 1st period - Slapshot by Connor Brown.
11:28 of 1st period - Shot Misses the Net.
11:30 of 1st period - Slapshot by Patrik Berglund.
11:30 of 1st period - Deflect By Connor Brown.
11:30 of 1st period - Shot Misses the Net.
11:30 of 1st period - Puck is out of play.
11:31 of 1st period - Ryan Johansen wins face-off versus Kyle Turris in Oilers zone.
12:20 of 1st period - Wrist shot by Jakub Vrana.
12:20 of 1st period - Stopped by Thomas Greiss with a rebound.
12:22 of 1st period - Snap shot by Luke Glendening.
12:22 of 1st period - Stopped by Thomas Greiss with a rebound.
12:24 of 1st period - Wrist shot by Luke Glendening.
12:24 of 1st period - Stopped by Thomas Greiss with a rebound.
13:44 of 1st period - Mikael Backlund is hit by Derek MacKenzie and loses puck.
15:25 of 1st period - Snap shot by Ryan O'Reilly.
15:25 of 1st period - Stopped by Thomas Greiss without a rebound.
15:26 of 1st period - Mikael Backlund wins face-off versus Sebastian Aho in Oilers zone.
15:41 of 1st period - Snap shot by Sebastian Aho.
15:41 of 1st period - Shot Misses the Net.
16:43 of 1st period - Mikael Backlund is hit by Jamie Benn and loses puck.
16:52 of 1st period - Snap shot by Jamie Benn.
16:52 of 1st period - Stopped by Thomas Greiss with a rebound.
16:54 of 1st period - Slapshot by John-Michael Liles.
16:54 of 1st period - Stopped by Thomas Greiss without a rebound.
16:55 of 1st period - Kyle Turris wins face-off versus Ryan Johansen in Oilers zone.
16:56 of 1st period - Wrist shot by Alexander Wennberg.
16:56 of 1st period - Stopped by Thomas Greiss with a rebound.
16:58 of 1st period - Backhand shot by Alexander Wennberg.
16:58 of 1st period - Stopped by Thomas Greiss without a rebound.
16:59 of 1st period - Kyle Turris wins face-off versus Ryan Johansen in Oilers zone.
17:06 of 1st period - Snap shot by Kyle Turris.
17:06 of 1st period - Stopped by Thomas Greiss with a rebound.
17:26 of 1st period - Wrist shot by Sonny Milano.
17:26 of 1st period - Deflect By Jared Spurgeon.
17:26 of 1st period - Stopped by Jonathan Bernier without a rebound.
17:27 of 1st period - Patrik Berglund wins face-off versus Vernon Fiddler in Nordiques zone.
17:27 of 1st period - Patrik Berglund is hit by Tyler Motte.
17:38 of 1st period - Off-side.
17:39 of 1st period - Kyle Turris wins face-off versus Ryan Johansen in neutral zone.
18:06 of 1st period - Patrik Berglund is hit by Sonny Milano and loses puck.
18:35 of 1st period - Kevin Klein is hit by Pierre-Alexandre Parenteau and loses puck.
18:46 of 1st period - Corey Perry is hit by Luke Glendening and loses puck.
19:09 of 1st period - Nico Hischier is hit by John-Michael Liles.
19:31 of 1st period - Snap shot by Jordan Eberle.
19:31 of 1st period - Shot Blocked by Jared Spurgeon.
Goals for this period are 1 for Nordiques vs 0 for Oilers.
Shots for this period are 16 for Nordiques vs 9 for Oilers.

2nd period


0:01 of 2nd period - Kyle Turris wins face-off versus Ryan Johansen in neutral zone.
0:04 of 2nd period - Wrist shot by Alexander Wennberg.
0:04 of 2nd period - Deflect By Evander Kane.
0:04 of 2nd period - Stopped by Thomas Greiss with a rebound.
2:15 of 2nd period - Snap shot by Sonny Milano.
2:15 of 2nd period - Shot Misses the Net.
2:17 of 2nd period - Slapshot by Cameron Gaunce.
2:17 of 2nd period - Shot Misses the Net.
3:01 of 2nd period - Slapshot by Evander Kane.
3:01 of 2nd period - Shot Misses the Net.
3:35 of 2nd period - Mikael Backlund is hit by Jaromir Jagr and loses puck.
3:54 of 2nd period - Wrist shot by Alexander Wennberg.
3:54 of 2nd period - Shot Misses the Net.
4:00 of 2nd period - Snap shot by Jordan Eberle.
4:00 of 2nd period - Deflect By Alexander Wennberg.
4:00 of 2nd period - Shot Misses the Net.
4:00 of 2nd period - Puck is out of play.
4:01 of 2nd period - Kyle Turris wins face-off versus Corey Perry in Nordiques zone.
4:01 of 2nd period - Kyle Turris is hit by Ryan Johansen.
4:11 of 2nd period - Snap shot by Alexander Wennberg.
4:11 of 2nd period - Shot Misses the Net.
4:13 of 2nd period - Snap shot by Evander Kane.
4:13 of 2nd period - Shot Misses the Net.
4:15 of 2nd period - Slapshot by Jared Spurgeon.
4:15 of 2nd period - Shot Blocked by Marc-Edouard Vlasic.
4:17 of 2nd period - Backhand shot by Evander Kane.
4:17 of 2nd period - Stopped by Thomas Greiss with a rebound.
4:43 of 2nd period - Minor Penalty to Justin Abdelkader for High sticking.
4:44 of 2nd period - Ryan O'Reilly wins face-off versus Ryan Johansen in Oilers zone.
4:54 of 2nd period - Wrist shot by Jamie Benn.
4:54 of 2nd period - Shot Blocked by Marc-Edouard Vlasic.
6:43 of 2nd period - Penalty to Justin Abdelkader is over, Justin Abdelkader is back on ice.
6:56 of 2nd period - Snap shot by Sonny Milano.
6:56 of 2nd period - Shot Misses the Net.
7:53 of 2nd period - Wrist shot by Mikael Backlund.
7:53 of 2nd period - Goal by Mikael Backlund - Nordiques : 1 - Oilers : 1.
7:54 of 2nd period - Ryan Johansen wins face-off versus Ryan O'Reilly in neutral zone.
7:57 of 2nd period - Wrist shot by Corey Perry.
7:57 of 2nd period - Shot Misses the Net.
7:59 of 2nd period - Snap shot by Ryan Johansen.
7:59 of 2nd period - Shot Misses the Net.
8:01 of 2nd period - Slapshot by Seth Jones.
8:01 of 2nd period - Deflect By Jamie Benn.
8:01 of 2nd period - Stopped by Jonathan Bernier with a rebound.
8:07 of 2nd period - Snap shot by Corey Perry.
8:07 of 2nd period - Stopped by Jonathan Bernier with a rebound.
8:09 of 2nd period - Wrist shot by Corey Perry.
8:09 of 2nd period - Stopped by Jonathan Bernier with a rebound.
8:19 of 2nd period - Seth Jones is hit by Morgan Rielly and loses puck.
8:26 of 2nd period - Slapshot by Evander Kane.
8:26 of 2nd period - Shot Blocked by Seth Jones.
8:32 of 2nd period - Slapshot by Kyle Turris.
8:32 of 2nd period - Deflect By Marc-Edouard Vlasic.
8:32 of 2nd period - Shot Misses the Net.
8:32 of 2nd period - Puck is out of play.
8:33 of 2nd period - Ryan Johansen wins face-off versus Patrik Berglund in Oilers zone.
8:39 of 2nd period - Off-side.
8:40 of 2nd period - Ryan Johansen wins face-off versus Patrik Berglund in neutral zone.
8:53 of 2nd period - Snap shot by Ryan Johansen.
8:53 of 2nd period - Shot Blocked by Shayne Gostisbehere.
8:55 of 2nd period - Slapshot by Aaron Ekblad.
8:55 of 2nd period - Stopped by Jonathan Bernier with a rebound.
9:41 of 2nd period - Snap shot by Patrik Berglund.
9:41 of 2nd period - Goal by Patrik Berglund - Nordiques : 2 - Oilers : 1.
9:42 of 2nd period - Ryan O'Reilly wins face-off versus Ryan Johansen in neutral zone.
9:46 of 2nd period - Minor Penalty to Justin Abdelkader for Hooking.
9:47 of 2nd period - Ryan Johansen wins face-off versus Ryan O'Reilly in Oilers zone.
10:24 of 2nd period - Jordan Eberle is hit by Jared Spurgeon.
10:28 of 2nd period - Snap shot by Corey Perry.
10:28 of 2nd period - Stopped by Jonathan Bernier with a rebound.
11:46 of 2nd period - Penalty to Justin Abdelkader is over, Justin Abdelkader is back on ice.
12:22 of 2nd period - Wrist shot by Connor Brown.
12:22 of 2nd period - Stopped by Thomas Greiss with a rebound.
13:04 of 2nd period - Alexander Wennberg is hit by Jordan Eberle and loses puck.
13:29 of 2nd period - Patrik Berglund is hit by Chris Porter.
14:18 of 2nd period - Marc-Edouard Vlasic is hit by Kyle Turris and loses puck.
14:24 of 2nd period - Icing by Nico Hischier.
14:25 of 2nd period - Nico Hischier wins face-off versus Kyle Turris in Oilers zone.
14:38 of 2nd period - Snap shot by Nico Hischier.
14:38 of 2nd period - Stopped by Jonathan Bernier without a rebound.
14:39 of 2nd period - Ryan O'Reilly wins face-off versus Ryan Johansen in Nordiques zone.
14:43 of 2nd period - Off-side.
14:44 of 2nd period - Ryan Johansen wins face-off versus Ryan O'Reilly in neutral zone.
15:12 of 2nd period - Slapshot by Aaron Ekblad.
15:12 of 2nd period - Stopped by Jonathan Bernier with a rebound.
15:14 of 2nd period - Snap shot by Jordan Eberle.
15:14 of 2nd period - Goal by Jordan Eberle - Nordiques : 2 - Oilers : 2.
15:15 of 2nd period - Ryan Johansen wins face-off versus Ryan O'Reilly in neutral zone.
15:28 of 2nd period - Off-side.
15:29 of 2nd period - Ryan Johansen wins face-off versus Kyle Turris in neutral zone.
15:38 of 2nd period - Slapshot by Alexander Wennberg.
15:38 of 2nd period - Stopped by Thomas Greiss without a rebound.
15:39 of 2nd period - Ryan Johansen wins face-off versus Kyle Turris in Oilers zone.
16:00 of 2nd period - Snap shot by Justin Abdelkader.
16:00 of 2nd period - Shot Misses the Net.
16:54 of 2nd period - Wrist shot by Alexander Wennberg.
16:54 of 2nd period - Stopped by Thomas Greiss without a rebound.
16:55 of 2nd period - Ryan O'Reilly wins face-off versus Mikael Backlund in Oilers zone.
17:41 of 2nd period - Snap shot by Connor Brown.
17:41 of 2nd period - Shot Misses the Net.
17:43 of 2nd period - Snap shot by Connor Brown.
17:43 of 2nd period - Shot Misses the Net.
17:53 of 2nd period - Snap shot by Jaromir Jagr.
17:53 of 2nd period - Shot Misses the Net.
Goals for this period are 1 for Nordiques vs 2 for Oilers.
Shots for this period are 6 for Nordiques vs 9 for Oilers.

3rd period


0:01 of 3rd period - Ryan Johansen wins face-off versus Ryan O'Reilly in neutral zone.
0:08 of 3rd period - Wrist shot by Ryan Johansen.
0:08 of 3rd period - Stopped by Jonathan Bernier without a rebound.
0:09 of 3rd period - Ryan O'Reilly wins face-off versus Ryan Johansen in Nordiques zone.
0:37 of 3rd period - Wrist shot by Sebastian Aho.
0:37 of 3rd period - Stopped by Thomas Greiss without a rebound.
0:38 of 3rd period - Kyle Turris wins face-off versus Mikael Backlund in Oilers zone.
0:39 of 3rd period - Slapshot by Alexander Wennberg.
0:39 of 3rd period - Shot Blocked by Seth Jones.
1:27 of 3rd period - Jared Spurgeon is hit by Justin Abdelkader and loses puck.
1:34 of 3rd period - Justin Abdelkader is hit by Kevin Klein.
2:20 of 3rd period - Snap shot by Alexander Wennberg.
2:20 of 3rd period - Shot Misses the Net.
2:32 of 3rd period - Snap shot by Jamie Benn.
2:32 of 3rd period - Shot Misses the Net.
2:56 of 3rd period - Off-side.
2:57 of 3rd period - Kyle Turris wins face-off versus Nico Hischier in neutral zone.
3:00 of 3rd period - Slapshot by John-Michael Liles.
3:00 of 3rd period - Shot Misses the Net.
3:10 of 3rd period - Slapshot by Nico Hischier.
3:10 of 3rd period - Stopped by Jonathan Bernier without a rebound.
3:11 of 3rd period - Mikael Backlund wins face-off versus Ryan O'Reilly in Nordiques zone.
3:20 of 3rd period - Snap shot by Mikael Backlund.
3:20 of 3rd period - Stopped by Jonathan Bernier with a rebound.
3:38 of 3rd period - Chris Porter is hit by Kyle Turris and loses puck.
3:55 of 3rd period - Wrist shot by Jaromir Jagr.
3:55 of 3rd period - Goal by Jaromir Jagr - Nordiques : 3 - Oilers : 2.
3:56 of 3rd period - Ryan Johansen wins face-off versus Ryan O'Reilly in neutral zone.
4:03 of 3rd period - Wrist shot by Ryan Johansen.
4:03 of 3rd period - Stopped by Jonathan Bernier without a rebound.
4:04 of 3rd period - Ryan O'Reilly wins face-off versus Ryan Johansen in Nordiques zone.
4:15 of 3rd period - Wrist shot by Ryan O'Reilly.
4:15 of 3rd period - Stopped by Thomas Greiss with a rebound.
4:17 of 3rd period - Snap shot by Sebastian Aho.
4:17 of 3rd period - Stopped by Thomas Greiss with a rebound.
4:19 of 3rd period - Slapshot by Morgan Rielly.
4:19 of 3rd period - Stopped by Thomas Greiss with a rebound.
4:21 of 3rd period - Wrist shot by Jamie Benn.
4:21 of 3rd period - Goal by Jamie Benn - Nordiques : 4 - Oilers : 2.
4:22 of 3rd period - Ryan Johansen wins face-off versus Ryan O'Reilly in neutral zone.
5:38 of 3rd period - Wrist shot by Sonny Milano.
5:38 of 3rd period - Stopped by Jonathan Bernier without a rebound.
5:39 of 3rd period - Ryan O'Reilly wins face-off versus Mikael Backlund in Nordiques zone.
6:34 of 3rd period - Snap shot by Patrik Berglund.
6:34 of 3rd period - Stopped by Thomas Greiss with a rebound.
6:36 of 3rd period - Snap shot by John-Michael Liles.
6:36 of 3rd period - Deflect By Patrik Berglund.
6:36 of 3rd period - Stopped by Thomas Greiss with a rebound.
6:38 of 3rd period - Wrist shot by Patrik Berglund.
6:38 of 3rd period - Shot Blocked by Marco Scandella.
6:44 of 3rd period - Minor Penalty to Aaron Ekblad for Hooking.
6:45 of 3rd period - Ryan O'Reilly wins face-off versus Ryan Johansen in Oilers zone.
7:00 of 3rd period - Wrist shot by Ryan O'Reilly.
7:00 of 3rd period - Shot Misses the Net.
7:02 of 3rd period - Snap shot by Ryan O'Reilly.
7:02 of 3rd period - Stopped by Thomas Greiss without a rebound.
7:03 of 3rd period - Kyle Turris wins face-off versus Ryan Johansen in Oilers zone.
7:06 of 3rd period - Wrist shot by Alexander Wennberg.
7:06 of 3rd period - Stopped by Thomas Greiss with a rebound.
8:44 of 3rd period - Penalty to Aaron Ekblad is over, Aaron Ekblad is back on ice.
9:17 of 3rd period - Slapshot by Vernon Fiddler.
9:17 of 3rd period - Stopped by Jonathan Bernier with a rebound.
9:39 of 3rd period - Snap shot by Justin Abdelkader.
9:39 of 3rd period - Shot Misses the Net.
10:46 of 3rd period - Slapshot by Shayne Gostisbehere.
10:46 of 3rd period - Deflect By Sonny Milano.
10:46 of 3rd period - Stopped by Thomas Greiss with a rebound.
10:48 of 3rd period - Slapshot by Shayne Gostisbehere.
10:48 of 3rd period - Stopped by Thomas Greiss without a rebound.
10:49 of 3rd period - Nico Hischier wins face-off versus Luke Glendening in Oilers zone.
10:57 of 3rd period - Wrist shot by Aaron Ekblad.
10:57 of 3rd period - Stopped by Jonathan Bernier with a rebound.
10:59 of 3rd period - Snap shot by Chris Porter.
10:59 of 3rd period - Stopped by Jonathan Bernier without a rebound.
11:00 of 3rd period - Ryan O'Reilly wins face-off versus Ryan Johansen in Nordiques zone.
11:14 of 3rd period - Wrist shot by Ryan Johansen.
11:14 of 3rd period - Shot Blocked by Shayne Gostisbehere.
11:26 of 3rd period - Mikael Backlund is hit by Shayne Gostisbehere.
11:30 of 3rd period - Kyle Turris is hit by Pierre-Alexandre Parenteau and loses puck.
12:39 of 3rd period - Slapshot by Morgan Rielly.
12:39 of 3rd period - Stopped by Thomas Greiss with a rebound.
12:41 of 3rd period - Wrist shot by Connor Brown.
12:41 of 3rd period - Shot Misses the Net.
12:43 of 3rd period - Slapshot by Morgan Rielly.
12:43 of 3rd period - Stopped by Thomas Greiss with a rebound.
12:45 of 3rd period - Backhand shot by Morgan Rielly.
12:45 of 3rd period - Shot Blocked by Jordan Eberle.
12:47 of 3rd period - Snap shot by Jaromir Jagr.
12:47 of 3rd period - Shot Misses the Net.
12:49 of 3rd period - Slapshot by Jaromir Jagr.
12:49 of 3rd period - Stopped by Thomas Greiss without a rebound.
12:50 of 3rd period - Ryan Johansen wins face-off versus Sebastian Aho in Oilers zone.
13:34 of 3rd period - Minor Penalty to Evander Kane for Roughing.
13:35 of 3rd period - Ryan O'Reilly wins face-off versus Ryan Johansen in Nordiques zone.
14:01 of 3rd period - Justin Abdelkader is hit by Jared Spurgeon and loses puck.
15:21 of 3rd period - Jared Spurgeon is hit by Marco Scandella.
15:34 of 3rd period - Penalty to Evander Kane is over, Evander Kane is back on ice.
16:38 of 3rd period - Minor Penalty to Corey Perry for Holding.
16:39 of 3rd period - Mikael Backlund wins face-off versus Ryan O'Reilly in Oilers zone.
17:13 of 3rd period - Wrist shot by Jordan Eberle.
17:13 of 3rd period - Shot Misses the Net.
17:15 of 3rd period - Slapshot by Marc-Edouard Vlasic.
17:15 of 3rd period - Shot Misses the Net.
17:57 of 3rd period - Nico Hischier is hit by Sebastian Aho and loses puck.
18:38 of 3rd period - Penalty to Corey Perry is over, Corey Perry is back on ice.
18:44 of 3rd period - Seth Jones is hit by Ryan O'Reilly and loses puck.
18:57 of 3rd period - Pierre-Alexandre Parenteau is hit by Jamie Benn and loses puck.
19:04 of 3rd period - Vince Dunn is hit by Jared Spurgeon.
Goals for this period are 2 for Nordiques vs 0 for Oilers.
Shots for this period are 15 for Nordiques vs 8 for Oilers.